[Event "*** Titled Tuesday 3|2 Blitz"]
[Site "Chess.com"]
[Date "2015.11.03"]
[Round "2"]
[White "metalbattler"]
[Black "jcgs1030"]
[Result "0-1"]
[WhiteElo "1929"]
[BlackElo "2194"]
[TimeControl "180+2"]
[EndTime "11:21:07 PST"]
[Termination "jcgs1030 won by resignation"]

1. e4 c5 2. Nc3 d6 3. f4 g6 4. Nf3 Bg7 5. Bb5+ Bd7 6. Bc4 Bc6 7. d3 Nd7 8. O-O Ngf6 9. Qe1 O-O 10. Qh4 a6 11. f5 b5 12. Bb3 b4 13. Ne2 a5 14. a4 bxa3 15. Rxa3 a4 16. Ba2 Qb8 17. fxg6 hxg6 18. Nc3 e6 19. Ng5 d5 20. exd5 exd5 21.
Nxd5 Bxd5 22. Bxd5 Qb4 23. Rf4 Qb6 24. Bxa8 Rxa8 25.
Qf2 Ne5 26. Ne4 Nd5 27. Rh4 Re8 28. Nc3 Nb4 29. Nxa4 Qd8 30. Nxc5 Nxc2 31. Rc3 Ne1 32. Qxe1 Nf3+ 33. gxf3 Rxe1+ 34. Kf2 Qxh4+ 35. Kg2 Re2+ 0-1

[Event "*** Titled Tuesday 3|2 Blitz"]
[Site "Chess.com"]
[Date "2015.11.03"]
[Round "2"]
[White "jcibarra"]
[Black "amaidel"]
[Result "1-0"]
[WhiteElo "2511"]
[BlackElo "2331"]
[TimeControl "180+2"]
[EndTime "11:21:12 PST"]
[Termination "jcibarra won by resignation"]

1. e4 e5 2. Nf3 Nf6 3. Nc3 Bb4 4.
Nxe5 O-O 5. Be2 Re8 6. Nd3 Bxc3 7. dxc3 Nxe4 8. Nf4 Nf6 9. c4 d6 10. O-O Nc6 11. b3 Ne4 12. Bb2 Qg5 13. g3 Qa5 14. Nd5 Be6 15. Qe1 Bxd5 16. Qxa5 Nxa5 17. cxd5 Nxg3 18. fxg3 Rxe2 19. Rf2 Rae8 20. Bc3 b6 21.
Bxa5 bxa5 22. Rd1 Re1+ 23. Rxe1 Rxe1+ 24. Kg2 Rd1 25. c4 Rd4 26. Kf3 f5 27. Ke3 Re4+ 28.
Kd3 g6 29. Rc2 Kf7 30. c5 Ke7 31. cxd6+ Kxd6 32. Rc6+ Kxd5 33. Rxc7 a4 34. Rxh7 axb3 35. axb3 a5 36. Ra7 Re1 37. Rxa5+ Ke6 38. Ra6+ Kf7 39.
Ra2 Rb1 40. Kc3 g5 41. Rb2 Rc1+ 42. Kd4 Kf6 43. b4 Rc8 44. b5 Rd8+ 45. Kc5 f4 46.
gxf4 gxf4 47. b6 Kf5 48. b7 Rb8 49. Kd6 Ke4 50. Kc7 1-0

[Event "*** Titled Tuesday 3|2 Blitz"]
[Site "Chess.com"]
[Date "2015.11.03"]
[Round "2"]
[White "Baggio95"]
[Black "SenseiJulio"]
[Result "0-1"]
[WhiteElo "2384"]
[BlackElo "2637"]
[TimeControl "180+2"]
[EndTime "11:21:18 PST"]
[Termination "SenseiJulio won by resignation"]

1. e4 e6 2. d4 d5 3. Nc3 Nf6 4. e5 Nfd7 5. f4 c5 6. Nf3 Nc6 7.
Be3 Be7 8. Qd2 O-O 9. dxc5 Bxc5 10. O-O-O Qa5 11. a3 Be7 12. h4 Rb8 13. Bd3 b5 14. Bxh7+ Kxh7 15. Ng5+ Kg8 16. Qe2 g6 17. h5 Bxg5 18.
hxg6 fxg6 19. Qg4 Qd8 20. Qxe6+ Kg7 21. Qxc6 Nxe5 22. Qxd5 Qxd5 23. Rxd5 Nc4 24. fxg5 Nxe3 25. Re5 Nf5 26. Nxb5 a6 27. Nc3 Bb7 28. Rd1 Bxg2 29. Rd7+ Rf7 30. Rd2 Bb7 31. Re6 Rh8 32. b4 Rh5 33.
Na4 Bc8 34. Rc6 Bb7 35. Rb6 Rxg5 36. Nc5 Ne3 37. Re2 Rg1+ 38. Kb2 Nc4+ 0-1

[Event "*** Titled Tuesday 3|2 Blitz"]
[Site "Chess.com"]
[Date "2015.11.03"]
[Round "2"]
[White "Makalexa"]
[Black "saraswathii"]
[Result "1-0"]
[WhiteElo "2123"]
[BlackElo "1925"]
[TimeControl "180+2"]
[EndTime "11:21:25 PST"]
[Termination "Makalexa won by resignation"]

1. e4 c5 2. Nf3 e6 3. d4 cxd4 4.
Nxd4 Nf6 5. Nc3 Nc6 6. Nxc6 bxc6 7. e5 Nd5 8. Ne4 f5 9. Nd6+ Bxd6 10. exd6 O-O 11. Bc4 Qa5+ 12. Bd2 Qc5 13. Bxd5 cxd5 14. Bf4 Qb4+ 15. Qd2 Qe4+ 16. Kf1 Ba6+ 17. Kg1 e5 18. Bg5 d4 19. Be7 Rfc8 20. Rc1 Qd5 21. h4 Qxa2 22. Qg5 Qf7 23. Rh3 Kh8 24. h5 h6 25. Qh4 Rab8 26.
Re1 e4 27. g4 f4 28. g5 Rxc2 29. gxh6 gxh6 30. Bf6+ Kh7 31. Qxf4 Rg8+ 32. Kh2 Bd3 33. Qf5+ Rg6 34. hxg6+ Qxg6 35. Qxd7+ Kg8 36. Rg3 Rxf2+ 37.
Kh3 Rf3 38. Rg1 e3 39. Qe8+ 1-0

[Event "*** Titled Tuesday 3|2 Blitz"]
[Site "Chess.com"]
[Date "2015.11.03"]
[Round "2"]
[White "Nutflush"]
[Black "ilmago"]
[Result "0-1"]
[WhiteElo "1911"]
[BlackElo "1909"]
[TimeControl "180+2"]
[EndTime "11:21:38 PST"]
[Termination "ilmago won by resignation"]

1. e4 c5 2. c3 Nf6 3. e5 Nd5 4. d4 cxd4 5. cxd4 e6 6. Nf3 Nc6 7. Bc4 Nb6 8. Bd3 d6 9. O-O dxe5 10. dxe5 Bd7 11. Nc3 Nb4 12. Be4 Bc6 13. Qe2 N4d5 14.
Bg5 Qc7 15. Rac1 Rc8 16. Nb5 Qb8 17. Nbd4 Be7 18. Nxc6 Rxc6 19. Bxe7 Kxe7 20. Rxc6 bxc6 21. Nd4 Qc7 22. f4 g6 23. Rc1 c5 24. Nb5 Nxf4 25.
Qe3 Qxe5 26. Rxc5 Nbd5 27. Qa3 Kf6 28. Nc3 Ne2+ 29. Nxe2 Qxe4 30. Qa6 Qe3+ 31. Kf1 Qxc5 32. Qd3 Ne3+ 33. Ke1 Nxg2+ 34. Kf1 Ne3+ 35. Ke1 Kg7 36. Nc3 Rc8 37. Qe4 Nf5 38. h4 Qe3+ 39. Qxe3 Nxe3 40.
Ke2 Nf5 0-1

[Event "*** Titled Tuesday 3|2 Blitz"]
[Site "Chess.com"]
[Date "2015.11.03"]
[Round "2"]
[White "Rickstereo"]
[Black "eltenedor"]
[Result "1-0"]
[WhiteElo "2096"]
[BlackElo "1945"]
[TimeControl "180+2"]
[EndTime "11:21:44 PST"]
[Termination "Rickstereo won by checkmate"]

1. d4 d5 2. c4 dxc4 3. e3 Nf6 4.
Bxc4 e6 5. Nf3 c5 6. O-O a6 7. Bd3 Nc6 8. Nc3 Qc7 9. Bd2 Bd6 10. Rc1 cxd4 11. exd4 O-O 12. h3 Bd7 13. Qe2 Bf4 14. Ne4 Nd5 15. Nc5 Bxd2 16. Qxd2 Rfd8 17. Rfe1 Be8 18.
Ng5 h6 19. Ngxe6 fxe6 20. Nxe6 Qd7 21. Nxd8 Rxd8 22. Bc4 Bf7 23. Rcd1 b5 24. Bb3 a5 25.
a3 a4 26. Ba2 Rf8 27. Qd3 Na5 28. Re5 Nb3 29. Bb1 g6 30. Rde1 Kg7 31. h4 Nf4 32. Qg3 Nh5 33. Rxh5 Nxd4 34. Rhe5 Rg8 35. h5 g5 36. Qd3 Rh8 37. Re7 Qd5 38. Qg6+ Kf8 39. Re8+ Bxe8 40. Rxe8# 1-0

[Event "*** Titled Tuesday 3|2 Blitz"]
[Site "Chess.com"]
[Date "2015.11.03"]
[Round "2"]
[White "Keranke"]
[Black "Izoria123"]
[Result "1/2-1/2"]
[WhiteElo "2575"]
[BlackElo "2405"]
[TimeControl "180+2"]
[EndTime "11:21:52 PST"]
[Termination "Game drawn by agreement"]

1. d4 Nf6 2. c4 g6 3. g3 c5 4. Nf3 Bg7 5. Bg2 Qa5+ 6. Nc3 Nc6 7. O-O cxd4 8. Nxd4 Qc5 9. Ndb5 O-O 10. b3 d6 11. Rb1 Qh5 12. Nc7 Bh3 13. N3d5 Nxd5 14. Nxd5 Bxg2 15. Kxg2 e6 16. Nf4 Qf5 17. Bb2 Rad8 18.
Bxg7 Kxg7 19. Rb2 d5 20. cxd5 exd5 21. Qd3 Qe4+ 22. Kg1 Qe5 23. Rd2 d4 24. Rc1 Rfe8 25. a3 a5 26. Qc4 Rc8 27. Qc5 Qf6 28. Qb6 Qe7 29. Rc5 Rcd8 30. b4 axb4 31. axb4 d3 32. Nxd3 Nd4 33. Re5 Qd7 34. h4 Rxe5 35. Nxe5 Nxe2+ 36.
Rxe2 Qd1+ 37. Kg2 Qxe2 38. Qxd8 Qxe5 39. Qd3 b5 40. Kf3 h5 41. Qe4 Kf6 42. Qc6+ Kg7 43. Qe4 Kf6 44. Qc6+ 1/2-1/2

[Event "*** Titled Tuesday 3|2 Blitz"]
[Site "Chess.com"]
[Date "2015.11.03"]
[Round "2"]
[White "Chopper1905"]
[Black "pKiLz5Rn9b"]
[Result "1-0"]
[WhiteElo "2537"]
[BlackElo "2447"]
[TimeControl "180+2"]
[EndTime "11:22:04 PST"]
[Termination "Chopper1905 won by resignation"]

1. c4 e6 2. Nf3 Nf6 3. Nc3 Nc6 4. d4 Bb4 5. Qc2 d6 6. a3 Bxc3+ 7. Qxc3 O-O 8. g3 Re8 9. Bg2 e5 10. d5 Nb8 11. O-O a5 12. b4 c6 13. dxc6 bxc6 14.
Rd1 Qc7 15. Bb2 c5 16. bxc5 Qxc5 17. Nxe5 Ra6 18. Nd3 Qc7 19. Nf4 Nbd7 20. Nd5 Qc5 21. Bh3 Ne5 22. Nxf6+ gxf6 23. Bxc8 Rxc8 24. Rac1 Rac6 25.
Qd2 Qb6 26. Bd4 Qd8 27. Qh6 Qe7 28. Rc3 Rxc4 29. Rxc4 Rxc4 30. Bxe5 dxe5 31. Rd5 a4 32. Ra5 Rc8 33. Rxa4 Qd7 34. Rh4 Qf5 35. Kg2 Rc2 36. h3 Rxe2 37. Rg4+ Qg6 38. Rxg6+ hxg6 39. Qc1 Ra2 40. Qc3 Kg7 41. Qb3 Ra1 42. a4 g5 43. Qb5 e4 44. a5 Ra2 45. Kf1 Ra1+ 46.
Ke2 Kg6 47. a6 f5 48. Qb6+ f6 49. a7 Ra2+ 50. Ke3 Ra3+ 51. Kd4 Ra4+ 52. Kc5 e3 53. fxe3 1-0

[Event "*** Titled Tuesday 3|2 Blitz"]
[Site "Chess.com"]
[Date "2015.11.03"]
[Round "2"]
[White "gmjlh"]
[Black "Canonkasparov"]
[Result "1-0"]
[WhiteElo "2646"]
[BlackElo "2364"]
[TimeControl "180+2"]
[EndTime "11:22:09 PST"]
[Termination "gmjlh won by checkmate"]

1. e4 d5 2. exd5 Qxd5 3. Nc3 Qa5 4. d4 Nf6 5. Bd2 c6 6. Bc4 Bf5 7. Nd5 Qd8 8. Nxf6+ gxf6 9. c3 e6 10. Nf3 Nd7 11. Nh4 Bg6 12. Qe2 Qc7 13. g3 O-O-O 14. O-O-O Bd6 15. Ng2 f5 16. Nf4 e5 17. dxe5 Nxe5 18.
Bb3 Rhe8 19. h4 h5 20. Rhe1 Re7 21. Qf1 Rde8 22. Kb1 a6 23. Nxg6 Nxg6 24. Bc2 f4 25. Rxe7 Rxe7 26. Qh3+ Kb8 27. g4 hxg4 28. Qxg4 Ne5 29.
Qxf4 Nd3 30. Qf5 Nc5 31. h5 Re5 32. Qf3 Rd5 33. h6 f5 34. Bc1 Rxd1 35. Bxd1 Qf7 36. Bc2 f4 37. h7 Be5 38. Bxf4 Ka7 39. Bxe5 Qxf3 40. h8=Q Qxf2 41. Qh1 Qd2 42. Bd4 b6 43. a4 a5 44. Qxc6 Qe1+ 45. Ka2 Qe6+ 46. Qxe6 Nxe6 47. Be3 Nc7 48. Be4 Na6 49. Bc6 Nc7 50. b4 axb4 51.
cxb4 Ka6 52. Kb3 b5 53. axb5+ Nxb5 54. Bxb5+ Kxb5 55. Bc5 Ka6 56. Kc4 Kb7 57. b5 Kc7 58.
Bd4 Kd6 59. Kb4 Kc7 60. Ka5 Kb7 61. Be3 Kc7 62. Ka6 Kb8 63. b6 Ka8 64. b7+ Kb8 65.
Bf4# 1-0

[Event "*** Titled Tuesday 3|2 Blitz"]
[Site "Chess.com"]
[Date "2015.11.03"]
[Round "2"]
[White "vellottiwizard"]
[Black "Oligan22"]
[Result "1-0"]
[WhiteElo "2405"]
[BlackElo "2162"]
[TimeControl "180+2"]
[EndTime "11:22:11 PST"]
[Termination "vellottiwizard won on time"]

1. e4 c5 2. Nf3 e6 3. d4 cxd4 4. Nxd4 a6 5. Bd3 Bc5 6. Nb3 Be7 7. c4 Qc7 8. O-O Nf6 9. Nc3 d6 10. Be3 Nbd7 11. f4 b6 12. Rc1 Bb7 13. Qe2 O-O 14. Bb1 Rfe8 15. Rfd1 Rac8 16. Nd2 Nc5 17. b4 Ncd7 18.
a3 Bf8 19. Bd3 Qb8 20. Na4 Bc6 21. Nc3 Qa8 22. Bf2 g6 23. Bb1 Nh5 24. g3 Bg7 25. Nf3 Bf8 26. Ne1 b5 27. cxb5 axb5 28. Nxb5 Bxb5 29.
Qxb5 Rxc1 30. Rxc1 Qxa3 31. Rd1 Rd8 32. Nc2 Qf3 33.
Qf1 Qxe4 34. b5 Nhf6 35. Nd4 Qb7 36. Bd3 Nc5 37. Be2 Rc8 38. Ra1 Nfe4 39. Be3 Nc3 40. Nc6 Nxe2+ 41. Qxe2 Bg7 42. Ra7 Qb6 43. Ne7+ Kf8 44.
Nxc8 Qb8 45. Bxc5 dxc5 46. Qe4 Bd4+ 47. Kg2 Qxb5 48. Rxf7+ Kg8 49. Qxe6 Qb2+ 50. Kh3 1-0

[Event "*** Titled Tuesday 3|2 Blitz"]
[Site "Chess.com"]
[Date "2015.11.03"]
[Round "2"]
[White "Viaje"]
[Black "Moltini"]
[Result "1-0"]
[WhiteElo "2253"]
[BlackElo "2216"]
[TimeControl "180+2"]
[EndTime "11:22:11 PST"]
[Termination "Viaje won by checkmate"]

1. d4 Nf6 2. c4 g6 3. Nc3 Bg7 4. e4 d6 5. Be2 O-O 6. Nf3 e5 7. O-O Nc6 8. d5 Ne7 9. Ne1 Ne8 10. f3 f5 11. g4 fxg4 12. fxg4 Rxf1+ 13. Kxf1 c6 14. Nd3 cxd5 15. cxd5 Bd7 16. g5 Qb6 17. Kg2 Rc8 18.
Qg1 Bh3+ 19. Kh1 Qxg1+ 20. Kxg1 Nc7 21. Be3 b6 22. Nb4 Rf8 23. a4 a5 24. Nc6 Nc8 25. Rb1 Bd7 26. b4 axb4 27. Nxb4 Na8 28. Nc2 Rf7 29. Na3 Be8 30. Nc4 Rb7 31. Nxb6 Naxb6 32.
a5 Rc7 33. axb6 Nxb6 34. Rxb6 Rxc3 35. Kf2 Bf8 36. Rb8 Bd7 37. Rb7 Bc8 38. Rb8 Rc2 39. Ke1 Kf7 40. h4 Be7 41. h5 gxh5 42. Bxh5+ Kg7 43.
Ra8 Rc4 44. Ra7 Kf8 45. Bf3 Rc2 46. Bd2 Rc4 47. Ke2 Rc2 48. Kd3 Rc5 49. Be3 Rb5 50.
Ra8 Rb3+ 51. Ke2 Rc3 52. Kd2 Rc4 53. Kd3 Rc7 54. Bg4 Kf7 55. Rxc8 Rb7 56. Be6+ Kg7 57. Rg8# 1-0

[Event "*** Titled Tuesday 3|2 Blitz"]
[Site "Chess.com"]
[Date "2015.11.03"]
[Round "2"]
[White "AlexanderL"]
[Black "joppie2"]
[Result "1-0"]
[WhiteElo "2545"]
[BlackElo "2337"]
[TimeControl "180+2"]
[EndTime "11:22:15 PST"]
[Termination "AlexanderL won by resignation"]

1. d4 d5 2. Bf4 Nf6 3. e3 c5 4. Nc3 e6 5. Nb5 Na6 6. c3 Be7 7. h3 O-O 8. Nf3 Bd7 9. a4 c4 10. Ne5 Bxb5 11. axb5 Nc7 12. Qa4 a6 13. bxa6 Rxa6 14.
Qd1 Qe8 15. Rxa6 bxa6 16. Be2 Qb5 17. Qc1 Rb8 18. b4 a5 19. Nxc4 dxc4 20. Bxc7 Rc8 21. Bxa5 Nd5 22. O-O Bd6 23. g3 h5 24. Kg2 g6 25. e4 Ne7 26. e5 Bb8 27. Qg5 Nd5 28.
Bxh5 Nxc3 29. Bxg6 fxg6 30. Qxg6+ Kh8 31. Qh6+ Kg8 32.
Qxe6+ Kg7 33. Qxc8 Nd5 34. e6 Nf6 35. Qc5 Qb7+ 36.
Kg1 Qf3 37. Qg5+ Kh7 38. e7 Ne8 39. Qg4 Qd3 40. Qh5+ Kg7 41. Qxe8 Bxg3 42. Qf8+ Kh7 43. e8=Q 1-0

[Event "*** Titled Tuesday 3|2 Blitz"]
[Site "Chess.com"]
[Date "2015.11.03"]
[Round "2"]
[White "Entilza"]
[Black "AndrewMcStone"]
[Result "1-0"]
[WhiteElo "2044"]
[BlackElo "1994"]
[TimeControl "180+2"]
[EndTime "11:22:22 PST"]
[Termination "Entilza won by checkmate"]

1. d4 e6 2. c4 f5 3. Nf3 Nf6 4.
g3 d6 5. Bg2 Be7 6. O-O O-O 7.
b4 a5 8. bxa5 Rxa5 9. Nbd2 Ne4 10. Nb3 Ra8 11. Bb2 Qe8 12. Nfd2 Qg6 13. Nxe4 fxe4 14.
Qc2 d5 15. cxd5 exd5 16. Qxc7 Bd6 17. Qc2 Nc6 18. f3 Bf5 19. Qd2 Rae8 20. Nc5 h5 21. fxe4 Bxe4 22. Nxe4 dxe4 23. e3 h4 24. gxh4 Nb4 25.
Rxf8+ Rxf8 26. Rf1 Rf3 27. Qe2 Nc6 28. Rxf3 exf3 29.
Qxf3 Qb1+ 30. Qf1 Qxb2 31. Qc4+ Kh8 32. Qe6 Qc1+ 33. Kf2 Qd2+ 34. Kf1 Qd1+ 35. Kf2 Qd2+ 36. Kf1 Qd1+ 37. Kf2 Qd2+ 38. Kf3 Qd3 39. Qxd6 Qf5+ 40. Qf4 Qd5+ 41. Kg3 Qxa2 42. Be4 Qe2 43. Qf8# 1-0

[Event "*** Titled Tuesday 3|2 Blitz"]
[Site "Chess.com"]
[Date "2015.11.03"]
[Round "2"]
[White "Lupul_Cenusiu"]
[Black "E-Shaposhnikov"]
[Result "1/2-1/2"]
[WhiteElo "2405"]
[BlackElo "2557"]
[TimeControl "180+2"]
[EndTime "11:22:30 PST"]
[Termination "Game drawn by repetition"]

1. d4 Nf6 2. c4 e6 3. Nf3 b6 4. a3 Ba6 5. Qc2 c5 6. Bg5 h6 7. Bh4 g5 8. Bg3 g4 9. Ne5 cxd4 10.
Bh4 Be7 11. Nd2 Qc7 12. Bg3 d6 13. Nd3 Nbd7 14. b4 e5 15. f3 b5 16. Rc1 bxc4 17. Qa4 Qb7 18. Nxc4 Rc8 19. Na5 Rxc1+ 20. Nxc1 Qb5 21.
Qxb5 Bxb5 22. e4 Bxf1 23. Rxf1 Nb8 24. Nd3 gxf3 25. gxf3 Kd7 26. Kd2 Nh5 27. Ke2 Rc8 28.
Rc1 Rxc1 29. Nxc1 Nc6 30. Nxc6 Kxc6 31. a4 a6 32. Nd3 f6 33. Kd2 d5 34. Kc2 dxe4 35. fxe4 Bd6 36. Kb3 Nxg3 37. hxg3 f5 38. Nf2 fxe4 39. Nxe4 Kd5 40. Nf6+ Ke6 41. Ne4 Be7 42.
Kc4 Kf5 43. Nf2 h5 44. b5 axb5+ 45. axb5 Bd8 46. Kd3 Bb6 47. Ne4 Kg4 48. Ke2 Bd8 49. Kf2 Bc7 50. Ke2 Bb6 51. Kd3 Kf3 52. Nf6 Bd8 53.
Ne4 Bc7 54. Nf6 Kxg3 55. Nxh5+ Kf3 56. Nf6 Bd8 57. Ne4 Bc7 58. Nd2+ Kf4 59. Ne4 Bb6 60.
Nd6 Bc7 61. Ne4 Ba5 62. Nd6 Bc7 63. Ne4 Bb6 64. Nd6 Bc7 65. Ne4 Ba5 66. Nd6 Bc7 1/2-1/2

[Event "*** Titled Tuesday 3|2 Blitz"]
[Site "Chess.com"]
[Date "2015.11.03"]
[Round "2"]
[White "Fandorine"]
[Black "Krutoy123"]
[Result "1/2-1/2"]
[WhiteElo "2497"]
[BlackElo "2269"]
[TimeControl "180+2"]
[EndTime "11:22:32 PST"]
[Termination "Game drawn by agreement"]

1. e4 c5 2. b3 e5 3. Bb2 Nc6 4. Bc4 d6 5. d3 Nf6 6. Ne2 Be7 7. O-O O-O 8. Nbc3 Nd4 9. a4 Be6 10. Qd2 Nh5 11. Qd1 g6 12. Nxd4 cxd4 13. Nd5 Bg5 14. g3 Kg7 15. f4 Bxd5 16. Bxd5 exf4 17. Bxd4+ Bf6 18. Bxf6+ Qxf6 19. Kh1 Qe5 20. d4 Qg5 21. Qd2 Rac8 22. c4 b6 23. gxf4 Qh4 24. Qf2 Qxf2 25.
Rxf2 Nf6 26. Re1 Rfe8 27. Rfe2 Nh5 28. Rf2 Nf6 29. Rfe2 Nh5 30. Rf1 Nf6 31. e5 Nxd5 32. cxd5 Rc3 33. f5 Rd3 34. fxg6 fxg6 35. e6 Rxd4 36.
Rf7+ Kh6 37. Rxa7 Rxd5 38. e7 Rd3 39. b4 Kg7 40. a5 bxa5 41. bxa5 Ra3 42. Kg2 d5 43. a6 d4 44. Rd2 Kf7 45. Rf2+ Kg7 46.
Rf4 d3 47. Rd4 Kf7 48. Rf4+ Ke6 49. Rd4 Kf7 50. Rf4+ 1/2-1/2

[Event "*** Titled Tuesday 3|2 Blitz"]
[Site "Chess.com"]
[Date "2015.11.03"]
[Round "2"]
[White "kharposh"]
[Black "Badouuu"]
[Result "0-1"]
[WhiteElo "2056"]
[BlackElo "1946"]
[TimeControl "180+2"]
[EndTime "11:22:41 PST"]
[Termination "Badouuu won by resignation"]

1. e4 c5 2. Nf3 Nc6 3. d4 cxd4 4.
Nxd4 e5 5. Nf3 h6 6. Bc4 Nf6 7.
O-O Bc5 8. Nc3 O-O 9. h3 Na5 10. Bd5 d6 11. Na4 Qc7 12. a3 Nc6 13. Bxc6 Qxc6 14.
Nxc5 dxc5 15. Re1 Re8 16. Qe2 b6 17. b3 Bb7 18. Nd2 Rad8 19. f3 Nh5 20. Nc4 Ba6 21. Nxe5 Qb7 22. Nd3 c4 23. Nb4 Bb5 24. bxc4 Bd7 25. Nd5 Be6 26. g4 Bxd5 27. cxd5 Nf6 28.
Qd3 Nd7 29. Bb2 Nc5 30. Qf1 Qc7 31. Rad1 Na4 32. Bd4 Qxc2 33. Re2 Qb3 34. Red2 Qxa3 35. h4 Nc5 36. Bxc5 Qxc5+ 37. Kg2 a5 38. h5 a4 39. Qa6 b5 40. Qc6 Qxc6 41. dxc6 Rxd2+ 42. Rxd2 Rc8 43. Rd5 Rxc6 44. Rxb5 Rc4 45. Rb7 Kh7 46. Rxf7 a3 47. Ra7 Rc2+ 48. Kg3 Ra2 49. Kf4 Ra1 50.
Kf5 Kg8 51. f4 Kf8 52. e5 a2 53. e6 Ke8 54. g5 hxg5 55. Kg6 gxf4 56. Kh7 f3 57.
Rxg7 Re1 0-1

[Event "*** Titled Tuesday 3|2 Blitz"]
[Site "Chess.com"]
[Date "2015.11.03"]
[Round "2"]
[White "GeorgMeier"]
[Black "Iball95"]
[Result "1/2-1/2"]
[WhiteElo "2604"]
[BlackElo "2356"]
[TimeControl "180+2"]
[EndTime "11:23:02 PST"]
[Termination "Game drawn by stalemate"]

1. Nf3 Nf6 2. g3 c5 3. Bg2 d5 4.
O-O Nc6 5. d4 cxd4 6. Nxd4 e6 7.
c4 Bc5 8. Nxc6 bxc6 9. Qc2 Bb6 10. Nc3 O-O 11. Rd1 Qe7 12. Na4 Ba6 13. b3 Rac8 14.
Nxb6 axb6 15. Bb2 Rfd8 16. a4 c5 17. Bxf6 Qxf6 18. e3 g6 19. Rab1 dxc4 20. bxc4 Rxd1+ 21. Qxd1 Bxc4 22. Rxb6 Rd8 23. Qe1 Rd2 24. Bf1 Rc2 25. Bxc4 Rxc4 26. a5 Rc2 27. Rb1 Ra2 28. Rc1 c4 29. Rxc4 Qe5 30. Rc8+ Kg7 31. Qc3 Qxc3 32.
Rxc3 Rxa5 33. Kg2 Rd5 34. h3 h5 35. g4 Ra5 36. Kg3 hxg4 37. hxg4 g5 38. Rc4 Kg6 39. Kf3 Rb5 40. Rc6 Ra5 41. Rb6 Rc5 42. Ke4 Rc4+ 43. Kf3 Rc5 44. Rb4 Ra5 45. Ke4 Rc5 46. f4 gxf4 47.
exf4 f5+ 48. gxf5+ exf5+ 49. Kd4 Ra5 50. Rb1 Kf6 51.
Rb6+ Kg7 52. Rd6 Kf7 53. Rd5 Rxd5+ 54. Kxd5 Kg6 55. Ke6 Kg7 56. Ke7 Kg6 57. Ke6 Kg7 58.
Kxf5 Kf7 59. Ke5 Ke7 60. f5 Kf7 61. f6 Kf8 62. Kf5 Kf7 63. Kg5 Kf8 64. Kg6 Kg8 65.
f7+ Kf8 66. Kf6 1/2-1/2

[Event "*** Titled Tuesday 3|2 Blitz"]
[Site "Chess.com"]
[Date "2015.11.03"]
[Round "2"]
[White "FairChess_on_YouTube"]
[Black "SerGo055"]
[Result "1/2-1/2"]
[WhiteElo "2704"]
[BlackElo "2381"]
[TimeControl "180+2"]
[EndTime "11:23:05 PST"]
[Termination "Game drawn - insufficient material"]

1. e4 d5 2. exd5 Qxd5 3. d4 Nf6 4. c4 Qe4+ 5. Ne2 e5 6. Nc3 Bb4 7. Qa4+ Nc6 8. d5 Nxd5 9. Qxb4 Ndxb4 10. Nxe4 Nc2+ 11.
Kd2 Nxa1 12. g3 Bf5 13. Bg2 O-O-O+ 14. Kc3 Nd4 15. Nxd4 exd4+ 16. Kd3 Rhe8 17. f3 Bg6 18. g4 h5 19. h3 b5 20. c5 hxg4 21. hxg4 Rh8 22.
Rg1 b4 23. Bf4 f5 24. gxf5 Bxf5 25. Rxa1 Rh4 26. Bg3 Rh6 27. Be5 Rg6 28. Bh1 Rh8 29. Kxd4 Rh4 30. Ke3 Rh3 31. Nf2 Rh5 32. f4 Rh2 33.
Bf3 Rg3 34. Rh1 Rxh1 35. Nxh1 Rg1 36. Kf2 Ra1 37. Bd5 Rd1 38. Ng3 Rxd5 39. Nxf5 Rxc5 40. Nxg7 Kd7 41. Ke3 a5 42. Ke4 a4 43. f5 Rc2 44.
f6 Rf2 45. Nf5 Ke6 46. Nd4+ Kf7 47. Nc6 a3 48. bxa3 bxa3 49. Nb4 c5 50. Nd3 Rxa2 51.
Nxc5 Re2+ 52. Kf5 Rf2+ 53. Ke4 a2 54. Nb3 Re2+ 55. Kf5 Rf2+ 56. Ke4 Rxf6 57. Bxf6 Kxf6 58. Na1 Ke6 59. Kd3 Kd6 60. Kc2 Kc5 61. Kb2 Kc4 62. Kxa2 1/2-1/2

[Event "*** Titled Tuesday 3|2 Blitz"]
[Site "Chess.com"]
[Date "2015.11.03"]
[Round "2"]
[White "DrHolmes13"]
[Black "motivated_bishop"]
[Result "0-1"]
[WhiteElo "2321"]
[BlackElo "2196"]
[TimeControl "180+2"]
[EndTime "11:23:06 PST"]
[Termination "motivated_bishop won by resignation"]

1. d4 Nf6 2. c4 g6 3. Nf3 Bg7 4. g3 O-O 5. Bg2 d6 6. O-O Nc6 7. Nc3 a6 8. Bf4 h6 9. Qd2 g5 10. Be3 Ng4 11. Rab1 Rb8 12. Rbc1 Nxe3 13. fxe3 e5 14.
d5 Ne7 15. e4 b5 16. b3 b4 17. Nd1 f5 18. exf5 Nxf5 19. e4 Nd4 20. Ne3 Nxf3+ 21. Bxf3 Bh3 22. Bg2 Bd7 23. Rxf8+ Qxf8 24. Rf1 Qe8 25.
Bf3 Qg6 26. Qe2 h5 27. g4 h4 28. Nf5 Bf8 29. Qe3 Rb6 30. Kh1 Kh7 31. Bg2 Qg8 32. Qf2 Kg6 33. h3 a5 34. Nxh4+ gxh4 35. Qxf8 Qxf8 36. Rxf8 a4 37. Rd8 axb3 38. axb3 Ba4 39.
bxa4 b3 40. Bf1 b2 41. Bd3 Rb3 42. Bb1 Rc3 43. Rb8 Rc1+ 44. Kg2 Rxb1 45. a5 Kg5 46. a6 Kf4 47. a7 Ra1 48. Rxb2 Rxa7 49.
Re2 Ra4 50. Rf2+ Kxe4 51. g5 Ra3 52. Kh2 Rg3 53. Rf7 Rxg5 54. Rxc7 Kf3 55. Rf7+ Ke2 56.
Re7 Kd3 57. c5 dxc5 58. d6 e4 59. d7 Rd5 60. Kg2 c4 61. Kf2 c3 62. Re5 Rxd7 63. Rc5 c2 64. Ke1 Ra7 65. Rd5+ Ke3 0-1

[Event "*** Titled Tuesday 3|2 Blitz"]
[Site "Chess.com"]
[Date "2015.11.03"]
[Round "2"]
[White "vovkcoach"]
[Black "Malev212"]
[Result "1-0"]
[WhiteElo "2507"]
[BlackElo "2162"]
[TimeControl "180+2"]
[EndTime "11:23:27 PST"]
[Termination "vovkcoach won on time"]

1. e4 c5 2. Nf3 e6 3. d4 cxd4 4. Nxd4 a6 5. Nc3 d6 6. g4 Ne7 7.
h4 Nbc6 8. Be3 b5 9. Bg2 Bb7 10. Nxc6 Nxc6 11. Qd2 Ne5 12. g5 Nc4 13. Qe2 Nxb2 14.
Nxb5 Qa5+ 15. c3 Qxb5 16. Qc2 Nd3+ 17. Kd2 Ne5 18. Rhb1 Qc6 19. Ke1 Rc8 20. Rb6 Qd7 21. Rab1 Bc6 22. Bf1 Be7 23. Bxa6 O-O 24. f4 Ng4 25. Bxc8 Rxc8 26. Bg1 h5 27. Rb8 Rxb8 28. Rxb8+ Kh7 29. f5 Ne5 30. Bd4 Qc7 31. Rb1 Qa5 32. Kf2 Qa8 33. Bxe5 Bxe4 34. Qd1 Bxb1 35. Qxb1 dxe5 36. f6+ g6 37. fxe7 Qa7+ 38. Ke2 Qxe7 39. Qb6 Qa3 40. Qb3 Qc5 41. Qb7 Kg7 42. Qf3 Qa5 43. Qf6+ Kg8 44. Kd3 Qxa2 45. Qxe5 Qb1+ 46. Kd4 Qd1+ 47. Kc5 Qg4 48. Qd4 Qf5+ 49. Kd6 Qb1 50. c4 Qb8+ 51. Kc6 Qc8+ 52. Kb5 Qb8+ 53. Qb6 Qe5+ 54. c5 Qd5 55. Qd6 Qb3+ 56. Ka6 Qa4+ 57. Kb7 Qb5+ 58. Kc7 Qa5+ 59. Kd7 Qa7+ 60. Ke8 Qa8+ 61.
Qd8 Qc6+ 62. Ke7+ Kh7 63. Kxf7 Qb7+ 64. Qe7 1-0

[Event "*** Titled Tuesday 3|2 Blitz"]
[Site "Chess.com"]
[Date "2015.11.03"]
[Round "2"]
[White "armago"]
[Black "AndroQueen"]
[Result "1/2-1/2"]
[WhiteElo "2232"]
[BlackElo "2224"]
[TimeControl "180+2"]
[EndTime "11:23:37 PST"]
[Termination "Game drawn by repetition"]

1. d4 Nf6 2. c4 g6 3. Nc3 d5 4. cxd5 Nxd5 5. e4 Nxc3 6. bxc3 Bg7 7. Nf3 c5 8. Rb1 O-O 9. Be2 cxd4 10. cxd4 Qa5+ 11.
Qd2 Qxd2+ 12. Bxd2 b6 13. Be3 Bb7 14. e5 Bd5 15. Rb2 Nc6 16. O-O Na5 17. Rc1 Rac8 18. Rbc2 Bb7 19. Rc7 e6 20. Bd2 Rxc7 21. Rxc7 Rc8 22.
Rd7 Bd5 23. Rxa7 Bxa2 24. h3 Bc4 25. Bxa5 Bxe2 26. Bxb6 Bxf3 27. gxf3 h6 28. Bc5 Bf8 29. Bxf8 Kxf8 30. Rd7 g5 31. Kg2 Kg7 32. d5 exd5 33.
e6 Kf6 34. exf7 Rf8 35. Rd6+ Kg7 36. Rxd5 Rxf7 37. Kg3 Rf4 38. Re5 Rd4 39. Re4 Rd2 40.
f4 gxf4+ 41. Rxf4 Kg6 42. Ra4 Rd1 43. Ra6+ Kg7 44. f3 Rd4 45. f4 Rd5 46. Kg4 Rd4 47. h4 Rb4 48. h5 Rc4 49. Rg6+ Kh7 50. Kf3 Rc5 51. Kg4 Rc4 52. Re6 Kg7 53. Re7+ Kg8 54. Kf5 Rc5+ 55. Kf6 Rc6+ 56. Re6 Rc5 57. Kg6 Kf8 58. Kxh6 Kf7 59. Ra6 Rf5 60. Ra7+ Kf6 61. Ra4 Rb5 62. Ra8 Kf7 63. Ra6 Rc5 64. Rg6 Rf5 65. Rg7+ Kf6 66. Rg8 Kf7 67. Rg4 Kf6 68. Rh4 Ra5 69. Rh1 Ra8 70. Kh7 Ra7+ 71. Kg8 Ra8+ 72.
Kh7 Ra7+ 73. Kh6 Ra8 74. Kh7 Ra7+ 75. Kh6 Ra8 1/2-1/2